 Dungeon Crawl Stone Soup version 0.28-a0-1312-g71652a0310 (webtiles) character file.

Game seed: 1301387301892607005

165 gimp the Digger (level 5, -1/38 HPs)
             Began as a Demigod Wanderer on Dec 27, 2021.
             Killed from afar by an orc wizard (9 damage)
             ... with a magic dart
             ... on level 3 of the Dungeon.
             The game lasted 00:04:24 (2550 turns).

gimp the Digger (Demigod Wanderer)                  Turns: 2550, Time: 00:04:25

Health: -1/38      AC:  3    Str:  7 (10) XL:     5   Next: 1%
Magic:  9/10       EV: 11    Int: 15 (18) God:
Gold:   69         SH:  4    Dex: 15 (16) Spells: 6/7 levels left

rFire   . . .      SeeInvis .   a - +1 dagger (venom)
rCold   . . .      Faith    .   d - +0 buckler
rNeg    . . .      Spirit   .   c - +0 robe
rPois   .          Reflect  .   (no helmet)
rElec   .          Harm     .   (no cloak)
rCorr   .          Rampage  .   t - +0 pair of gloves
Will    .....                   (no boots)
Stlth   +.........              (no amulet)
HPRegen 0.12/turn               (no ring)
MPRegen 0.12/turn               (no ring)

@: no status effects
A: high mp 1, forlorn, divine attributes
a: no special abilities


You were on level 3 of the Dungeon.
You visited 1 branch of the dungeon, and saw 3 of its levels.

You collected 69 gold pieces.

Inventory:

Hand Weapons
 a - a +1 dagger of venom (weapon)
Missiles
 b - 57 stones (quivered)
Armour
 c - a +0 robe (worn)
 d - a +0 buckler (worn)
 t - a +0 pair of gloves (worn)
Jewellery
 m - an amulet of guardian spirit
Wands
 s - a wand of mindburst (16)
Scrolls
 e - a scroll of silence {unknown}
 f - a scroll of fog {unknown}
 h - 3 scrolls of identify {unknown}
 j - a scroll of vulnerability {unknown}
 k - a scroll of blinking {unknown}
 l - a scroll of summoning {unknown}
 n - a scroll of magic mapping {unknown}
 o - 2 scrolls of brand weapon {unknown}
 p - a scroll of teleportation {unknown}
Potions
 i - a potion of degeneration
 r - a potion of berserk rage {unknown}


   Skills:
 - Level 1.0 Dodging
 - Level 1.7 Shields
 - Level 1.7 Spellcasting
 + Level 2.7 Translocations
 * Level 5.3 Earth Magic


You had 6 spell levels left.
You knew the following spells:

 Your Spells              Type           Power      Damage    Failure   Level
a - Sandblast             Erth           34%        2d9       3%          1

Your spell library contained the following spells:

 Spells                   Type           Power      Damage    Failure   Level
 Apportation              Tloc           18%        N/A       10%         1
 Passwall                 Tmut/Erth      7%         N/A       16%         2
 Slow                     Hex            4%         N/A       30%         1
 Portal Projectile        Hex/Tloc       10%        N/A       45%         3
 Confusing Touch          Hex            1%         N/A       65%         3
 Vampiric Draining        Necr           1%         2d6       65%         3
 Petrify                  Tmut/Erth      9%         N/A       69%         4


Dungeon Overview and Level Annotations

Branches:
Dungeon (3/15)

Annotations:
D:2 1 runed translucent door, Crazy Yiuf
D:3 exclusion: oklob plant


Innate Abilities, Weirdness & Mutations

You have an increased reservoir of magic. (+10% MP)
You shall have no god before yourself.
Your divine heritage dramatically boosts your attributes as you level up.


Message History

The orc wizard is poisoned.
The orc wizard barely misses you.
You regained 4 hp, and now have 13/38 hp.
MP restored: 10 You feel less invigorated.
You regained 5 hp, and now have 18/38 hp.
You bump into the rock wall.
The orc wizard gestures at you while chanting.
You resist with some effort.
You're too confused to cast spells.
You miss the orc wizard.
The orc wizard is moderately wounded.
The orc wizard closely misses you.
You bump into the rock wall.
The orc wizard mumbles some strange words.
The orc wizard flickers and vanishes!
Deactivating autopickup; reactivate with Ctrl-A.
You bump into the rock wall.
An endoplasm comes into view.
Something hits you.
You take 1 damage, and have 17/38 hp.
The endoplasm quivers.
You hit something but do no damage. Something hits you.
You take 2 damage, and have 15/38 hp.
You bump into the rock wall.
You feel less confused.
You hear some strange, mumbled words.
A magic dart appears from out of thin air!
The magic dart hits you!
* * * LOW HITPOINT WARNING * * *
You take 8 damage, and have 7/38 hp.
MASSIVE DAMAGE!!
Casting: Sandblast (safe; 3% risk of failure)
Confirm with . or Enter, or press ? or * to list all spells.
Aiming: Sandblast (safe; 3% risk of failure)
Press: ? - help, Shift-Dir - straight line
b - 57 stones The endoplasm jiggles.
You hear some strange, mumbled words.
A magic dart appears from out of thin air!
The magic dart hits you!
You die... .....P# PPP#

≈.≈≈..##PP# # #.#
≈.≈≈≈..P## .# #.#
≈.≈≈≈≈...##P# #.# o#
≈.≈≈≈≈≈.PPP## #J# o#
...≈≈≈≈.#PPP# #.# .#
._.≈≈≈≈.#PP## #.# o#
...≈≈≈≈..#PP# #.# .#
≈≈≈≈≈≈≈.#PPP# #@# .#
≈≈≈≈≈≈..PPP##
#{###o#
≈≈≈≈≈..P.##P#
#.#...# ≈≈≈≈..PP###
##)#)### .....PP..P#
###.)..#
#.#PP.P#P#PP#..#.#.#
#.##PP.#PPPP##.....#
#.###########..#.#.#
..# #.####.#.##...##


You could see an endoplasm.

Vanquished Creatures
  An orc priest (D:3)
  An orc wizard (D:3)
  Natasha (D:3)
  2 adders (D:2)
  A worm (D:2)
  2 dart slugs (D:1)
  An orc (D:3)
  6 ball pythons
  5 bats
  12 endoplasms
  2 giant cockroaches
  A goblin (D:1)
  7 hobgoblins
  5 kobolds
  2 frilled lizards
  4 rats
53 creatures vanquished.

Vanquished Creatures (others)
  2 plants (D:1)
  11 toadstools (D:3)
13 creatures vanquished.

Grand Total: 66 creatures vanquished

Notes
Turn   | Place    | Note
-------+----------+-------------------------------------------
     0 | D:1      | gimp the Demigod Wanderer began the quest for the Orb.
     0 | D:1      | gimp set off with the following items: a +0 dagger, 34
                  | stones, a +0 robe, a +0 buckler; and the following spells
                  | available to memorise: Sandblast, Apportation, Passwall,
                  | Portal Projectile, Petrify
     0 | D:1      | Reached XP level 1. HP: 14/14 MP: 5/5
     8 | D:1      | Learned a level 1 spell: Sandblast
   235 | D:1      | Reached skill level 4 in Earth Magic
   235 | D:1      | Reached XP level 2. HP: 20/20 MP: 4/7
   821 | D:2      | Reached XP level 3. HP: 14/26 MP: 8/8
  1212 | D:2      | Identified the +4 glaive "Qephips" {antimagic, rF+}
  1977 | D:2      | Found a runed translucent door.
  1978 | D:2      | Noticed Crazy Yiuf
  2265 | D:3      | Noticed Natasha
  2266 | D:3      | Reached XP level 4. HP: 31/33 MP: 9/9
  2269 | D:3      | Killed Natasha
  2270 | D:3      | Reached skill level 5 in Earth Magic
  2395 | D:3      | Noticed an oklob plant
  2538 | D:3      | Reached XP level 5. HP: 4/38 MP: 0/10
  2550 | D:3      | Killed from afar by an orc wizard

Illustrated notes

Levels and vault maps discovered:
D:1:      psy_arrival_radial01, layout_rooms,
          shapermc_ecumenical_altar_acropolis
D:2:      layout_basic, minmay_hexomino_f4, uniq_crazy_yiuf_cottage
D:3:      layout_loops_ring, mainiacjoe_overflow_brackets, tgw_fedhas,
          uniq_robin, uniq_natasha

Skill      XL: |  1  2  3  4 |
---------------+-------------+-----
Earth Magic    | 4 5 |  5.3
Translocations | 2 |  2.7
Dodging        | |  1.0
Shields        | |  1.7
Spellcasting   | |  1.7

Action                   |  1- 3 |  4- 6 || total
-------------------------+-------+-------++-------
Melee: Dagger            |    92 |    12 ||   104
 Cast: Sandblast         |    22 |    12 ||    34
  Use: Potion            |       |     4 ||     4
 Stab: Sleeping          |     3 |       ||     3
Armor: Robe              |    20 |     3 ||    23
Dodge: Dodged            |    49 |     8 ||    57
Block: Buckler           |    19 |     2 ||    21

Table legend: (Time is in decaauts)
 A = Elapsed time spent in this place.
 B = Non-inter-level travel time spent in this place.
 C = Inter-level travel time spent in this place.
 D = Time resting spent in this place.
 E = Time spent auto-exploring this place.
 F = Levels seen in this place.
 G = Mean time per level.
                   A        B        C        D        E       F      G
               +--------+--------+--------+--------+--------+-----+--------+
         Total |   2557 |   2509 |     48 |    336 |   1780 |   3 |  852.3 |
       Dungeon |   2557 |   2509 |     48 |    336 |   1780 |   3 |  852.3 |
               +--------+--------+--------+--------+--------+-----+--------+

Top non-repeatable levels by time:
     D:2: 1299 daAuts
     D:1: 814 daAuts
     D:3: 444 daAuts
